Map: Acid Plant LE

Players

Juxtapose - Winner!

  • Race: Terran Terran
  • League: Platinum
  • Spawn Location: 11:00

A.I. 1 (Elite)

  • Race: Terran Terran
  • Spawn Location: 5:00

VOD

https://youtu.be/Wh_tt3E3mnE

Description

Since I haven't been playing very well in Ranked lately, and I wasn't feeling well either this day, I decided to play a little Versus AI.

I don't understand why the AI made a second Orbital Command in its main, and I wonder if it somehow bugged out on expanding?

Time

  • Played on: Feb. 26, 2018, 6:58 p.m.
  • Length: 9:04
Show
View Real Time Build Order
Export as new Build Order

Juxtapose Terran - Winner!

Build Orders: MMM Bio 

Get SALT Encoding   

  12  0:01  SCV  
  13  0:13  SCV  
  14  0:20  Supply Depot  
  14  0:25  SCV  
  15  0:42  SCV  
  16  0:47  Barracks  
  16  0:49  Supply Depot  
  16  0:54  SCV  
  17  1:00  Refinery  
  17  1:06  SCV  
  18  1:18  SCV  
  19  1:25  Refinery  
  19  1:38  Orbital Command  
  19  1:53  Barracks Reactor  
  19  1:59  Barracks  
  19  2:13  SCV  
  20  2:17  Engineering Bay  
  20  2:25  SCV  
  20  2:26  Supply Depot  
  21  2:31  Reaper x2  
  23  2:37  SCV  
  24  2:44  Factory  
  24  2:47  Barracks Tech Lab  
  24  2:49  SCV  
  25  2:56  Missile Turret  
  25  2:58  Terran Infantry Weapons Level 1  
  25  3:01  SCV  
  25  3:03  Reaper  
  27  3:19  Stimpack  
  27  3:20  Marine x2  
  29  3:29  Supply Depot  
  29  3:32  Factory Tech Lab  
  29  3:35  Marine  
  29  3:38  Marine  
  31  3:41  Marine  
  32  3:53  Marine  
  33  3:56  Marine  
  33  4:02  Marine  
  34  4:10  Marine  
  35  4:19  Command Center, Siege Tank  
  38  4:37  Marine x2, Marauder  
  42  4:50  Supply Depot  
  42  4:51  Siege Tank  
  45  4:53  Terran Infantry Armor Level 1  
  43  5:02  Marine x2  
  43  5:03  Marauder  
  47  5:11  SCV  
  48  5:16  Supply Depot  
  48  5:19  Combat Shields  
  48  5:30  Siege Tank  
  48  5:32  Marine  
  48  5:33  Marine x2  
  54  5:39  SCV x2  
  56  5:53  Marine, Marauder  
  56  5:55  Missile Turret  
  59  5:58  Marine  
  59  6:02  Siege Tank  
  63  6:04  Orbital Command  
  63  6:13  SCV  
  63  6:14  Marine x2  
  66  6:30  SCV  
  67  6:35  Siege Tank  
  67  6:38  Concussive Shells  
  70  6:40  Supply Depot  
  70  6:50  SCV x2, Starport  
  72  6:54  Marine  
  72  6:55  Marine  
  74  7:02  SCV  
  74  7:03  SCV, Refinery  
  74  7:04  Refinery  
  76  7:11  Marine  
  76  7:12  Marine  
  76  7:15  SCV x2  
  73  7:44  Marine x2  
  73  7:45  Marauder  
  73  7:46  Siege Tank  
  80  8:01  Marine  
  80  8:02  Marine, Starport Reactor  
  80  8:03  SCV x2  
  83  8:14  Marauder  
  83  8:15  SCV x2  
  83  8:19  Marine x2  
  74  8:27  SCV x2  
  75  8:35  Marauder  
  75  8:37  Marine  
Show
View Real Time Build Order
Export as new Build Order

A.I. 1 (Elite) Terran 

Build Orders: MMM Bio 

Get SALT Encoding   

  12  0:00  SCV  
  13  0:13  SCV  
  14  0:19  Supply Depot  
  14  0:25  SCV  
  15  0:40  SCV  
  16  0:44  Barracks  
  16  0:53  SCV  
  17  1:05  SCV  
  18  1:17  SCV  
  19  1:18  Supply Depot  
  19  1:22  Refinery  
  19  1:29  SCV  
  20  1:33  Marine  
  21  1:41  SCV  
  22  1:51  Marine  
  22  1:53  SCV  
  22  1:54  Barracks  
  24  1:58  Refinery  
  24  2:05  Supply Depot, Orbital Command  
  24  2:09  Marine  
  25  2:27  Marine  
  26  2:30  SCV  
  27  2:42  SCV  
  28  2:44  Marine  
  28  2:50  Command Center  
  29  3:05  SCV  
  30  3:07  Factory  
  30  3:08  Marine  
  30  3:11  Marine  
  32  3:17  SCV  
  32  3:26  Marine  
  33  3:28  Marine  
  33  3:29  SCV  
  35  3:41  SCV  
  35  3:45  Barracks  
  36  3:50  Barracks Tech Lab  
  36  3:51  Marine  
  36  3:53  SCV  
  37  3:58  Factory Tech Lab  
  37  4:02  SCV  
  38  4:05  SCV  
  39  4:10  Barracks Tech Lab, Supply Depot  
  39  4:14  SCV  
  39  4:15  Marine  
  41  4:17  SCV  
  41  4:24  Stimpack  
  42  4:26  SCV  
  42  4:28  Marine  
  42  4:29  SCV  
  44  4:32  Siege Tank  
  44  4:37  Combat Shields  
  47  4:38  SCV  
  47  4:42  SCV  
  47  4:44  Marauder  
  51  4:48  Marauder  
  51  4:50  SCV  
  54  5:00  Supply Depot  
  54  5:02  Orbital Command  
  54  5:06  Marauder  
  56  5:10  Marauder  
  58  5:19  Marine  
  58  5:21  Engineering Bay  
  59  5:27  Marauder  
  61  5:30  Command Center  
  61  5:44  Marauder  
  61  5:48  Terran Infantry Weapons Level 1  
  63  5:50  Supply Depot  
  63  5:51  Marauder  
  65  6:01  Engineering Bay  
  65  6:02  Barracks Reactor  
  65  6:05  Marauder, Concussive Shells  
  67  6:12  Marine  
  67  6:16  Supply Depot  
  68  6:25  Starport  
  68  6:26  Terran Infantry Armor Level 1  
  68  6:27  Marauder  
  68  6:29  Marine  
  71  6:39  Marine x2  
  73  6:43  SCV, Supply Depot  
  73  6:44  SCV  
  75  6:48  SCV, Marauder  
  78  6:55  SCV  
  78  6:56  SCV  
  78  7:00  SCV  
  81  7:03  Medivac  
  83  7:09  Marauder  
  83  7:10  Marauder  
  83  7:14  Orbital Command, Missile Turret  
  87  7:17  Siege Tank  
  85  7:32  Marine, Refinery  
  85  7:33  Medivac  
  85  7:34  Marine x2  
  85  7:37  Marine  
  64  7:42  Refinery  
  63  7:49  Siege Tank  
  63  7:51  Marauder  
  67  7:52  Marine x2  
  67  7:54  Marine  
  60  8:10  Marine x2  
  60  8:12  Marauder  
  49  8:21  Siege Tank  
Tags
 
Composition
MMM BioMMM Bio
League
Platinum
Matchup
TvT
Race
Terran
Spawn Locations
Cross Positions
Add a new tag
Caveats
  • Supply blocks, unpowered buildings, or Contaminate may cause inaccurate times.
  • Supply counts are checked every 10 seconds.